 Dungeon Crawl Stone Soup version 0.29.1-15-g9cfb28693d (webtiles) character file.

Game seed: 10722351355835877524

1087 Mickster the Slasher (level 8, -11/61 HPs)
             Began as a Demonspawn Berserker on Feb 21, 2023.
             Was an Elder of Trog.
             Mangled by an ogre
             ... wielding a +0 giant club
              (29 damage)
             ... on level 6 of the Dungeon.
             The game lasted 00:57:32 (5987 turns).

Mickster the Slasher (Demonspawn Berserker)         Turns: 5987, Time: 00:57:33

Health: -11/61     AC:  9    Str: 21    XL:     8   Next: 9%
Magic:  17/17      EV: 14    Int:  8    God:    Trog [****..]
Gold:   78         SH:  0    Dex: 12    Spells: 7/7 levels left

rFire   . . .      SeeInvis +   a - +0 falchion (vamp)
rCold   . . .      Faith    .   (no shield)
rNeg    . . .      Spirit   .   t - +0 chain mail
rPois   .          Reflect  .   (no helmet)
rElec   .          Harm     .   (no cloak)
rCorr   .          Rampage  .   (no gloves)
Will    .....                   (no boots)
Stlth   ..........              k - amulet of the acrobat
HPRegen 0.20/turn               g - ring of magical power
MPRegen 0.15/turn               o - +4 ring of evasion

@: no status effects
A: demonic guardian 2, foul stench 1, sturdy frame 1, weakness stinger 1, see
invisible
a: Renounce Religion, Berserk, Trog's Hand, Brothers in Arms


You were on level 6 of the Dungeon.
You worshipped Trog.
Trog was greatly pleased with you.
You visited 1 branch of the dungeon, and saw 6 of its levels.

You collected 138 gold pieces.
You spent 60 gold pieces at shops.

Inventory:

Hand Weapons
 a - a +0 vampiric falchion (weapon)
 c - a +0 hand axe
 e - a +0 sling
 p - a +1 vorpal hammer
 q - a +2 hammer of protection
 r - a +1 short sword of venom
Missiles
 b - 5 poisoned darts (quivered)
 j - 28 stones
Armour
 d - a +1 ring mail
 t - a +0 chain mail (worn)
Magical Staves
 n - a staff of earth
Jewellery
 g - a ring of magical power (left hand)
 k - an amulet of the acrobat (around neck)
 o - a +4 ring of evasion (right hand)
Wands
 m - a wand of paralysis (1)
Scrolls
 h - 3 scrolls of identify
 l - 4 scrolls of teleportation
 u - a scroll of fog
Potions
 f - a potion of flight {unknown}
 i - a potion of heal wounds
 s - 2 potions of curing


   Skills:
 + Level 4.7 Fighting
 * Level 4.7 Long Blades
 - Level 3.9 Maces & Flails
 + Level 0.4 Throwing
 + Level 4.1 Armour
 + Level 4.0 Dodging
 + Level 1.3 Stealth


You had 7 spell levels left.
You didn't know any spells.
Your spell library contained the following spells:

 Spells                   Type           Power      Damage    Failure   Level
 Sublimation of Blood     Necr           0%         N/A       98%         2
 Ignite Poison            Fire/Tmut/Pois 0%         N/A       100%        3
 Mephitic Cloud           Conj/Pois/Air  0%         N/A       100%        3
 Petrify                  Tmut/Erth      0%         N/A       100%        4
 Freezing Cloud           Conj/Ice/Air   0%         6-21      100%        5
 Irradiate                Conj/Tmut      0%         3d11      100%        5


Dungeon Overview and Level Annotations

Branches:
Dungeon (6/15)
 Temple: D:4-7

Altars:
Uskayaw

Shops:
D:2 *!

Annotations:
D:6 1 transporter, AverageBear's ghost, novice DsFi


Innate Abilities, Weirdness & Mutations

A demonic guardian rushes to your aid.
You may rarely emit foul miasma when damaged in melee.
Your movements are slightly less encumbered by armour. (ER -2)
You have a small tail.
You have supernaturally acute eyesight. (SInv)


Message History

The hound barks!
The orc barely misses you. The orc hits you with a +0 flail.
The orc hits you but does no damage. The orc wizard barely misses you.
You hit the orc wizard.
You feel better.
You kill the orc wizard!
Trog accepts your kill.
Trog appreciates your killing of a magic user.
The orc misses you. The orc barely misses you.
The orc hits you with a +0 dagger.
You emit a cloud of foul miasma!
You miss the orc. You tail-slap the orc.
The orc is lightly wounded.
You feel less confused. The orc misses you.
The orc is engulfed in dark miasma.
The orc is poisoned.
You kill the orc!
Trog accepts your kill. The orc barely misses you.
The ogre hits you with a +0 giant club!
Your Dodging skill increases to level 4!
You hit the ogre but do no damage. The orc closely misses you. x2
The orc barely misses you.
The ogre hits you with a +0 giant club!!
A demonic guardian appears!
You hit the ogre.
You feel better.
The ogre is lightly wounded.
The orc misses you. The orc hits you with a +0 flail! The orc misses you.
Your ice devil hits the orc!
The orc dies!
Trog accepts your kill.
You can now call in reinforcements.
You hit the ogre.
You tail-slap the ogre, but do no damage.
The ogre is moderately wounded.
The orc closely misses you. The orc misses you.
An orc comes into view. It is wielding a +0 hand axe.
The ogre barely misses you.
Your ice devil closely misses the hound.
You closely miss the hound. The hound barely misses you.
The orc hits your ice devil with a +0 trident!
The orc closely misses you. The orc barely misses you. The hound bites you.
* * * LOW HITPOINT WARNING * * *
The ogre hits you with a +0 giant club!!
You die...

,,,,,,,,,,,,,,,####* *,,,,,,
,,,,,*,,,,,,,,,+...* *,,,,,,
,,,,,*,,,,,,,,,*...* *,,,,,,
***,,*,,,,,,,,,*#.#######**,,,,,,
,**,,*,,,,,,#+###.#......,,,,****
,*,,,*,,,,,,#.............,,,*,,,
,*,,,*,,,,,,#.......#,....,,,*,,,
,***+*,,,...#..oOo..#.....,,,*,,,
,,<,,,,,,...'.o○@h..#.....,,,****
,,,,,,,,,...##+###4##....#+***,,,
,,,,,,,,,,,........o.....#,,*,,,,
,,,,,,,,,,,..............#,,*,,,,
,,,,,,,,,,,...........o..#,,*,,,,
,,,,,,,,,,,..............#######+
****,,,,,*+#######'#####.........
,,,*,,,,,*,.........)..#.........
,,,*,,,,,*,............#.........


You could see an ogre, a hound, 5 orcs and a friendly ice devil (summoned).

Vanquished Creatures
  Prince Ribbit (D:5)
  Menkaure (D:5)
  2 scorpions
  A howler monkey (D:6)
  An orc priest (D:5)
  Crazy Yiuf (D:3)
  2 hounds (D:5)
  Ijyb (D:3)
  Natasha (thrice) (D:3)
  An iguana (D:5)
  4 orc wizards
  11 adders
  An ufetubus (D:5)
  A worm (D:2)
  7 orcs
  6 ball pythons
  5 bats
  3 endoplasms
  7 giant cockroaches
  3 goblins
  5 hobgoblins
  5 jackals
  5 kobolds
  3 quokkas
  3 frilled lizards
  3 rats
86 creatures vanquished.

Vanquished Creatures (collateral kills)
  A phantom (D:5)
  A jelly (D:4)
  4 worms (D:5)
  An orc (D:6)
  2 jackals (D:5)
  A rat (D:2)
10 creatures vanquished.

Grand Total: 96 creatures vanquished

Notes
Turn   | Place    | Note
-------+----------+-------------------------------------------
     0 | D:1      | Mickster the Demonspawn Berserker began the quest for the
                  | Orb.
     0 | D:1      | Reached XP level 1. HP: 18/18 MP: 1/1
   181 | D:1      | Gained mutation: A weak demonic guardian rushes to your
                  | aid. [demonic ancestry]
   181 | D:1      | Reached XP level 2. HP: 24/24 MP: 2/2
  1039 | D:2      | Found Axulo's Assorted Antiques.
  1076 | D:2      | Gained mutation: You may rarely emit foul miasma when
                  | damaged in melee. [demonic ancestry]
  1076 | D:2      | Reached XP level 3. HP: 25/29 MP: 3/3
  1078 | D:2      | Reached ** piety under Trog
  1099 | D:2      | Found a hide-covered altar of Uskayaw.
  1739 | D:2      | Reached XP level 4. HP: 28/35 MP: 4/4
  1876 | D:2      | Gained mutation: You have supernaturally acute eyesight.
                  | (SInv) [potion of mutation]
  1880 | D:2      | Found Pacoir's Distillery.
  1890 | D:2      | Bought a potion of heal wounds for 60 gold pieces
  2212 | D:3      | Noticed Ijyb
  2212 | D:3      | Paralysed by Ijyb for 2 turns
  2225 | D:3      | Paralysed by Ijyb for 5 turns
  2233 | D:3      | Killed Ijyb
  2266 | D:3      | Gained mutation: Your movements are slightly less
                  | encumbered by armour. (ER -2) [demonic ancestry]
  2266 | D:3      | Reached XP level 5. HP: 17/41 MP: 5/5
  2323 | D:3      | Noticed Natasha
  2330 | D:3      | Killed Natasha
  2469 | D:3      | Noticed Natasha
  2486 | D:3      | Killed Natasha
  3103 | D:3      | Noticed Natasha
  3116 | D:3      | Killed Natasha
  3508 | D:3      | Found a runed translucent door.
  3509 | D:3      | Noticed Crazy Yiuf
  3519 | D:3      | Killed Crazy Yiuf
  3525 | D:3      | HP: 2/42 [poisoned by Crazy Yiuf]
  3698 | D:4      | Gained mutation: A demonic guardian rushes to your aid.
                  | [demonic ancestry]
  3698 | D:4      | Reached XP level 6. HP: 40/48 MP: 6/6
  3982 | D:5      | Entered Level 5 of the Dungeon
  3985 | D:5      | Noticed Prince Ribbit
  3989 | D:5      | Killed Prince Ribbit
  3990 | D:5      | Reached skill level 1 in Maces & Flails
  4000 | D:5      | Reached skill level 1 in Stealth
  4011 | D:5      | Reached XP level 7. HP: 27/54 MP: 7/7
  4393 | D:5      | Reached *** piety under Trog
  4727 | D:5      | Noticed Menkaure
  4739 | D:5      | Killed Menkaure
  5670 | D:6      | Gained mutation: You have a small tail. [demonic ancestry]
  5670 | D:6      | Reached XP level 8. HP: 32/61 MP: 8/8
  5916 | D:6      | Found a transporter.
  5922 | D:6      | Noticed AverageBear's ghost (novice DsFi)
  5985 | D:6      | Reached **** piety under Trog
  5987 | D:6      | Mangled by an ogre

Illustrated notes

Levels and vault maps discovered:
D:1:      reono_arrival_forest_river, layout_loops_ring
D:2:      layout_basic, basic_altar, serial_shops,
          nicolae_shop_advertising_works [nicolae_subvault_shop_adworks],
          nicolae_shop_trees, nrook_uturn, minmay_circle_x
D:3:      layout_loops_ring, serial_rivers, chequers_serial_rivers_micro_b,
          chequers_serial_rivers_room_a, chequers_serial_rivers_small_b,
          chequers_serial_rivers_micro_a, chequers_serial_rivers_micro_d,
          chequers_serial_rivers_micro_d, uniq_ijyb, uniq_natasha,
          uniq_crazy_yiuf_cottage
D:4:      layout_layer_cave
D:5:      layout_rooms, moated_statue, grunt_decor_cap, nicolae_wormholes,
          uniq_prince_ribbit1, uniq_menkaure
D:6:      layout_gridville, serial_shops, shop, gammafunk_ghost_stat_death

Skill      XL: |  1  2  3  4  5  6  7  8 |
---------------+-------------------------+-----
Long Blades    | 3 4 |  4.7
Armour         | 2 3 4 |  4.1
Dodging        | 2 3 4 |  4.0
Fighting       | 4 |  4.7
Maces & Flails | 1 3 |  3.9
Stealth        | 1 |  1.3
Throwing       | |  0.4

Action                   |  1- 3 |  4- 6 |  7- 9 || total
-------------------------+-------+-------+-------++-------
Melee: Falchion          |   131 |   104 |    70 ||   305
       Punch             |     1 |       |       ||     1
       Mace              |       |    30 |    50 ||    80
       Tailslap          |       |       |     6 ||     6
Throw: Stone             |       |     2 |       ||     2
       Dart              |       |       |     5 ||     5
  Use: Potion            |     8 |     2 |     3 ||    13
       Scroll            |     6 |     2 |     3 ||    11
Armor: Animal skin       |     7 |       |       ||     7
       Ring mail         |    85 |    53 |    24 ||   162
       Chain mail        |       |       |    21 ||    21
Dodge: Dodged            |   135 |   141 |   139 ||   415
